 Dungeon Crawl Stone Soup version 0.21.1-1-g345015f (webtiles) character file.

138 troglodite the Skirmisher (level 5, -9/42 HPs)
             Began as a Demonspawn Berserker on June 4, 2018.
             Was a Believer of Trog.
             Splashed by Ijyb's acid (14 damage)
             ... on level 3 of the Dungeon.
             The game lasted 00:09:28 (2500 turns).

troglodite the Skirmisher (Demonspawn Berserker)    Turns: 2500, Time: 00:09:28

Health: -9/42      AC:  3    Str: 17    XL:     5   Next: 1%
Magic:  5/5        EV: 11    Int:  9    God:    Trog [**....]
Gold:   120        SH:  3    Dex: 13    Spells: 4/4 levels left

rFire    . . .     SeeInvis .   a - +0 falchion
rCold    + . .     Gourm    .   s - +0 buckler
rNeg     . . .     Faith    .   i - +0 leather armour
rPois    .         Spirit   .   (helmet restricted)
rElec    .         Reflect  .   (no cloak)
rCorr    .         Harm     .   (no gloves)
MR       .....                  (no boots)
Stlth    +.........             (no amulet)
HPRegen  0.14/turn              (no ring)
MPRegen  0.09/turn              (no ring)

@: no status effects
A: horns 1, cold resistance 1
a: Berserk, Trog's Hand, Burn Spellbooks, Renounce Religion


You were on level 3 of the Dungeon.
You worshipped Trog.
Trog was pleased with you.
You were not hungry.

You visited 1 branch of the dungeon, and saw 3 of its levels.

You collected 120 gold pieces.

Inventory:

Hand Weapons
 a - a +0 falchion (weapon)
 g - a +1 hunting sling of velocity
Missiles
 f - 53 stones (quivered)
 z - 19 sling bullets
Armour
 i - a +0 leather armour (worn)
 s - a +0 buckler (worn)
Jewellery
 b - a +3 ring of strength {unknown}
Scrolls
 e - 2 scrolls of teleportation {unknown}
 j - a scroll of magic mapping {unknown}
 k - a scroll of blinking {unknown}
 l - 3 scrolls of identify {unknown}
 m - a scroll of noise {unknown}
 o - a scroll of random uselessness {unknown}
 p - a scroll of immolation {unknown}
 q - 2 scrolls of amnesia {unknown}
 t - a scroll of remove curse {unknown}
 w - a scroll of enchant weapon {unknown}
 y - a scroll of fog {unknown}
Potions
 d - 2 potions of might {unknown}
 h - a potion of berserk rage {unknown}
 n - 3 potions of curing {unknown}
 r - a potion of agility {unknown}
 u - a potion of flight {unknown}
 v - a potion of cancellation {unknown}
Comestibles
 c - 4 rations


   Skills:
 * Level 3.9 Fighting
 + Level 3.4 Long Blades
 * Level 1.2 Slings
 * Level 2.3 Armour
 * Level 2.3 Dodging
 + Level 0.7 Stealth
 * Level 0.5 Shields


You had 4 spell levels left.
You didn't know any spells.

Dungeon Overview and Level Annotations

Branches:
Dungeon (3/15)

Altars:
Xom

Annotations:
D:3 Ijyb


Innate Abilities, Weirdness & Mutations

You have a pair of small horns on your head.
Your flesh is cold resistant. (rC+)


Message History

Found a scroll labeled PATUON DYUL.
You block the rat's attack. The rat bites you. The rat misses you.
You riposte.
You barely miss the rat. You block the rat's attack. The rat bites you.
You closely miss the rat.
You kill the rat!
Trog accepts your kill.
You see here a rat corpse.
A bat and Ijyb come into view.
You see here 18 stones.
Ijyb shouts!
The bat barely misses you. The bat misses you. The bat barely misses you.
The bat misses you.
Ijyb zaps a wand.
The bolt of acid hits you!
* * * LOW HITPOINT WARNING * * *
You are splashed with acid!
The acid burns!
You die...

##.# #.#.# ##.#
#.#.######## ##.#
#.#.#......#
##.########.#.#......#
.............>#......#
##.#######..###......#
##<# ###.....†.....#
#### #..........b.(#
#.#......@....#
#.#.####......#
#####.#.# #......# #
#.....#.# #....g.# #
#.#####.# #......#
####.## #.# #.?......#
......# #.# #........#
........##.#
#.........
........##.#


You could see Ijyb and a bat.

Vanquished Creatures
  An orc priest (D:3)
  A hound (D:3)
  An adder (D:2)
  An ooze (D:2)
  A dart slug (D:2)
  2 leopard geckos (D:1)
  4 orcs (D:3)
  3 bats
  9 goblins
  7 hobgoblins
  3 jackals (D:2)
  10 kobolds
  A quokka (D:2)
  4 frilled lizards
  12 rats
60 creatures vanquished.

Notes
Turn   | Place    | Note
-------+----------+-------------------------------------------
     0 | D:1      | troglodite the Demonspawn Berserker began the quest for the Orb.
     0 | D:1      | Reached XP level 1. HP: 18/18 MP: 1/1
   144 | D:1      | Gained mutation: You have a pair of small horns on your head. [demonic ancestry]
   144 | D:1      | Reached XP level 2. HP: 6/24 MP: 2/2
   951 | D:1      | Reached ** piety under Trog
   951 | D:1      | Gained mutation: Your flesh is cold resistant. (rC+) [demonic ancestry]
   951 | D:1      | Reached XP level 3. HP: 23/29 MP: 3/3
  1292 | D:2      | Found a shimmering altar of Xom.
  1814 | D:2      | Reached skill level 1 in Slings
  2014 | D:3      | Reached XP level 4. HP: 34/37 MP: 4/4
  2441 | D:3      | Reached XP level 5. HP: 18/42 MP: 5/5
  2495 | D:3      | Noticed Ijyb
  2500 | D:3      | Splashed by Ijyb's acid

Skill      XL: |  1  2  3 |
---------------+----------+-----
Long Blades    | 3 |  3.4
Armour         | 2 |  2.3
Dodging        | 2 |  2.3
Slings         | 1 |  1.2
Fighting       | |  3.9
Stealth        | |  0.7
Shields        | |  0.5

Action                   |  1- 3 |  4- 6 || total
-------------------------+-------+-------++-------
Melee: Falchion          |    91 |    31 ||   122
       Headbutt          |    10 |     9 ||    19
Invok: Berserk           |     3 |       ||     3
 Stab: Sleeping          |     2 |       ||     2
  Eat: Chunk             |     4 |     1 ||     5
       Ration            |     1 |       ||     1
Armor: Animal skin       |     6 |       ||     6
       Leather armour    |    15 |     7 ||    22
Dodge: Dodged            |    64 |    21 ||    85
Block: Buckler           |     2 |    10 ||    12
       Rpst.: Falchion   |    18 |     6 ||    24
